 Dungeon Crawl Stone Soup version 0.17-a0-2122-g03d97ec (webtiles) character file.

194 tp1 the Conjurer (level 5, -1/30 HPs)
             Began as a Deep Elf Conjurer on Oct 21, 2015.
             Was an Initiate of Vehumet.
             Killed from afar by an orc wizard (2 damage)
             ... with a puff of flame
             ... on level 6 of the Dungeon.
             The game lasted 00:23:12 (5501 turns).

tp1 the Conjurer (Deep Elf Conjurer)                Turns: 5501, Time: 00:23:12

Health: -1/30      AC:  3    Str:  5    XL:     5   Next: 44%
Magic:  7/13       EV: 10    Int: 21    God:    Vehumet [......]
Gold:   219        SH:  0    Dex: 15    Spells: 4 memorised, 1 level left

rFire  . . .     SeeInvis .     u - +0 short sword
rCold  . . .     Clarity  .     f - +0 ring mail (curse)
rNeg   . . .     SustAt   .     (no shield)
rPois  .         Gourm    .     (no helmet)
rElec  .         Spirit   .     k - +1 cloak
rCorr  .         Warding  .     (no gloves)
rMut   .         Stasis   .     (no boots)
MR     .....                    j - amulet of rage
Stlth  +.........               (no ring)
                                (no ring)

@: corroded equipment, very slightly contaminated, not resistant to hostile
enchantments, very unstealthy
A: no striking features
a: Renounce Religion, Evoke Berserk Rage


You were on level 6 of the Dungeon.
You worshipped Vehumet.
Vehumet was noncommittal.
You were very hungry.

You visited 2 branches of the dungeon, and saw 7 of its levels.

You collected 219 gold pieces.

Inventory:

Hand Weapons
 d - a +0 dagger
 l - a +0 blowgun
 o - a +1 dagger of venom
 r - a +0 dagger of speed
 s - a +0 blowgun
 t - a +0 quarterstaff
 u - a +0 short sword (weapon)
Missiles
 m - 4 poisoned needles
 x - 5 needles of sleeping
Armour
 a - a +0 robe
 f - a cursed +0 ring mail (worn)
 g - a +0 pair of boots
 k - a +1 cloak (worn)
Jewellery
 j - an amulet of rage (around neck)
Wands
 p - a wand of invisibility (5)
Scrolls
 e - 2 scrolls of enchant armour
 q - a scroll of recharging
Books
 b - a book of Conjurations

   Spells                             Type                      Level
   a - Magic Dart                     Conjuration                  1
   b - Searing Ray                    Conjuration                  2
   c - Dazzling Spray                 Conjuration/Hexes            3
   d - Fulminant Prism                Conjuration/Hexes            4
   e - Iskenderun's Mystic Blast      Conjuration                  4
   f - Iskenderun's Battlesphere      Conjuration/Charms           5
Comestibles
 c - 3 bread rations
 h - a fruit
 i - a meat ration


   Skills:
 - Level 2.3 Fighting
 - Level 1.1 Short Blades
 - Level 1.2 Armour
 - Level 4.0 Dodging
 - Level 2.4 Stealth
 + Level 4.0 Spellcasting
 - Level 4.3 Conjurations
 + Level 1.5 Charms


You had one spell level left.
You knew the following spells:

 Your Spells              Type           Power        Failure   Level  Hunger
a - Magic Dart            Conj           ###.         12%         1    None
b - Searing Ray           Conj           ###...       17%         2    #......
c - Dazzling Spray        Conj/Hex       ##......     75%         3    ###....
d - Iskenderun's Battles  Conj/Chrm      ###.....     100%        5    ######.


Dungeon Overview and Level Annotations

Branches:
Dungeon (6/15)             Temple (1/1) D:4

Altars:
Ashenzari
Dithmenos
Elyvilon
Gozag
Kikubaaqudgha
Makhleb
Nemelex Xobeh
Okawaru
Sif Muna
Trog
Vehumet
Yredelemnul

Annotations:
D:4 emiel's ghost, amateur MiGl


Message History

* * * LOW HITPOINT WARNING * * *
The orc hits you but does no damage.
Drink which item? (? for menu, Esc to quit)
You feel better.
You hear some strange, mumbled words.
A magic dart appears from out of thin air!
The magic dart hits you!
* * * LOW HITPOINT WARNING * * *
Something hits you.
* * * LOW HITPOINT WARNING * * *
The orc hits you but does no damage. The orc barely misses you.
You hear some strange, mumbled words.
A magic dart appears from out of thin air!
The magic dart hits you!
* * * LOW HITPOINT WARNING * * *
The orc misses you.
You hear some strange, mumbled words.
A puff of flame appears from out of thin air!
The puff of flame hits you!
You die...

..#.#
#####.#.#
#...#.#.#
#.#.#...# #
#.......#
#.#.......#
#.....#{..#
#..@.o..#
#####o..#
...>#
#....#
.....#
.##.### #
... ###


You could see 2 orcs.

Vanquished Creatures
  A jelly (D:6)
  A killer bee zombie (D:3)
  A gnoll (D:1)
  2 adders
  An adder skeleton (D:4)
  5 worms
  5 orcs
  2 ball pythons
  6 bats
  4 giant cockroaches
  11 goblins
  7 hobgoblins
  17 jackals
  10 kobolds
  3 quokkas
  A giant newt (D:1)
  12 rats
89 creatures vanquished.

Notes
Turn   | Place    | Note
--------------------------------------------------------------
     0 | D:1      | tp1 the Deep Elf Conjurer began the quest for the Orb.
     0 | D:1      | Reached XP level 1. HP: 10/10 MP: 6/6
   120 | D:1      | Reached XP level 2. HP: 10/15 MP: 0/8
   541 | D:1      | Reached skill level 1 in Short Blades
   541 | D:1      | Reached XP level 3. HP: 19/19 MP: 0/9
  1156 | D:1      | Reached skill level 1 in Fighting
  1687 | D:2      | Reached XP level 4. HP: 24/26 MP: 6/10
  2597 | D:3      | Learned a level 2 spell: Searing Ray
  2601 | D:3      | Learned a level 3 spell: Dazzling Spray
  3073 | D:3      | Noticed a moth of wrath
  3163 | D:3      | Found a bloodstained altar of Trog.
  3166 | D:3      | Reached skill level 1 in Armour
  3644 | D:3      | Reached XP level 5. HP: 30/30 MP: 0/11
  4127 | D:3      | Found a bloodstained altar of Trog.
  4392 | D:4      | Noticed emiel's ghost (amateur MiGl)
  4571 | D:4      | Found a staircase to the Ecumenical Temple.
  4580 | Temple   | Entered the Ecumenical Temple
  4747 | Temple   | Became a worshipper of Vehumet
  5431 | D:3      | Learned a level 5 spell: Iskenderun's Battlesphere
  5478 | D:5      | Entered Level 5 of the Dungeon
  5497 | D:6      | Reached skill level 1 in Charms
  5500 | D:6      | HP: 1/30 [something/magic dart (6)]
  5501 | D:6      | Killed from afar by an orc wizard

Vault maps used:
D:1:      lightli_iron_boxes
D:3:      first_bread, grunt_decor_arrowhead, tgw_trog
D:4:      minmay_temple_entry_butterflies, minmay_misc_feat_doors
D:5:      grunt_temple_overflow_diamond, nicolae_overflow_crystal_walls,
          portal_sewer_entry_d, minmay_divided_ellipse
D:6:      forest_paths, nicolae_tso_besieged_by_evil,
          nicolae_qazlal_general_emergency, uniq_duvessa
Temple:   chambers_temple_12

Action                   |  1- 3 |  4- 6 || total
-------------------------+-------+-------++-------
Melee: Dagger            |    19 |    14 ||    33
       Quarterstaff      |       |     2 ||     2
 Cast: Magic Dart        |   100 |   103 ||   203
       Searing Ray       |       |     5 ||     5
 Abil: Evoke Berserk Rag |     1 |       ||     1
  Use: Scroll            |     5 |     5 ||    10
       Potion            |       |     3 ||     3
  Eat: Chunk             |     3 |     6 ||     9
       Bread ration      |       |     1 ||     1
